 Dungeon Crawl Stone Soup version 0.24.0-7-gb3623d2c88 (webtiles) character file.

Game seed: 10704584361611798719, levelgen mode: deterministic

13987 Monsterracer the Cleaver (level 11, 0/103 HPs)
             Began as a Deep Dwarf Fighter on Nov 2, 2019.
             Was a Priest of Makhleb.
             Slain by an orc warrior
             ... wielding a +0 battleaxe
              (6 damage)
             ... on level 2 of the Orcish Mines.
             The game lasted 00:06:58 (7453 turns).

Monsterracer the Cleaver (Deep Dwarf Fighter)       Turns: 7453, Time: 00:06:59

Health: 0/103      AC: 18    Str: 23    XL:     11   Next: 82%
Magic:  0/0        EV:  7    Int:  9    God:    Makhleb [***...]
Gold:   830        SH: 12    Dex: 12    Spells: 10/10 levels left

rFire    . . .     SeeInvis .   a - +1 war axe (chop)
rCold    + . .     Gourm    .   C - +0 shield
rNeg     . . .     Faith    .   f - +2 chain mail {rC+}
rPois    .         Spirit   .   (no helmet)
rElec    .         Reflect  .   (no cloak)
rCorr    .         Harm     +   n - +1 pair of gloves
MR       +....                  u - +1 pair of boots
Stlth    ..........             i - amulet of harm
HPRegen  0.00/turn              (no ring)
MPRegen  0.07/turn              (no ring)

@: non-regenerating
A: damage resistance, heal wounds, sense surroundings 2, no regeneration
a: Heal Wounds, Minor Destruction, Lesser Servant of Makhleb, Renounce Religion


You were on level 2 of the Orcish Mines.
You worshipped Makhleb.
Makhleb was most pleased with you.
You were not hungry.

You visited 3 branches of the dungeon, and saw 12 of its levels.

You collected 830 gold pieces.

Inventory:

Hand Weapons
 a - a +1 war axe of chopping (weapon)
   (You found it on level 4 of the Dungeon)
 b - a +0 hand axe of flaming
   (You took it off a big kobold on level 8 of the Dungeon)
Missiles
 B - 4 throwing nets (quivered) {!f}
Armour
 f - a +2 chain mail of cold resistance (worn)
   (You found it on level 7 of the Dungeon)
 n - a +1 pair of gloves (worn)
   (You found it on level 1 of the Dungeon)
 u - a +1 pair of boots (worn)
   (You found it on level 2 of the Dungeon)
 C - a +0 shield (worn)
Jewellery
 i - an amulet of harm (around neck)
   (You found it on level 1 of the Dungeon)
 F - an uncursed ring of ice
   (You found it on level 2 of the Dungeon)
Wands
 l - a wand of polymorph (11)
   (You found it on level 8 of the Dungeon)
 o - a wand of paralysis (9)
   (You found it on level 4 of the Dungeon)
 x - a wand of enslavement (5)
   (You found it on level 5 of the Dungeon)
 D - a wand of scattershot (2)
   (You took it off Maurice on level 2 of the Orcish Mines)
Scrolls
 m - a scroll of magic mapping
 p - a scroll of enchant weapon
 r - 6 scrolls of remove curse
 t - 4 scrolls of teleportation {!r}
 v - 2 scrolls of fear {!r}
Potions
 d - a potion of heal wounds
 e - a potion of curing
 g - a potion of invisibility
 h - 3 potions of flight
 j - 4 potions of might
 q - 3 potions of resistance {unknown}
 s - 2 potions of agility
 w - 2 potions of ambrosia {unknown}
 y - 2 potions of lignification {unknown}
 z - 2 potions of brilliance
 A - a potion of cancellation {unknown}
 E - a potion of experience {unknown}
Miscellaneous
 H - a sack of spiders
Comestibles
 c - 27 rations
 k - 5 chunks of flesh


   Skills:
 + Level 7.9 Fighting
 * Level 12.3 Axes
 + Level 9.4 Armour
 + Level 9.4 Shields
 + Level 7.9 Invocations
 - Level 5.0 Evocations


You had 10 spell levels left.
You didn't know any spells.
Your spell library contained the following spells:

 Spells                   Type           Power        Failure   Level  Hunger
 Magic Dart               Conj           #...         99%         1    ##.....
 Searing Ray              Conj           #.....       100%        2    ###....
 Dazzling Spray           Conj/Hex       #.....       100%        3    ####...
 Force Lance              Conj/Tloc      #.......     100%        4    #####..
 Fulminant Prism          Conj/Hex       #.........   100%        4    #####..
 Iskenderun's Mystic Bla  Conj           #.......     100%        4    #####..


Dungeon Overview and Level Annotations

Branches:
Dungeon (9/15)             Temple (1/1) D:5             Orc (2/2) D:9
    Elf (0/3) Orc:2
   Lair: D:8-11

Altars:
Ashenzari
Cheibriados
Dithmenos
Elyvilon
Fedhas
Gozag
Hepliaklqana
Kikubaaqudgha
Makhleb
Nemelex Xobeh
Okawaru
Qazlal
Ru
Sif Muna
Trog
Uskayaw
Vehumet
Wu Jian
Xom
Yredelemnul
Zin
The Shining One


Innate Abilities, Weirdness & Mutations

You are resistant to damage.
You can heal yourself by infusing magical energy.
You passively map the area around you.
You do not regenerate.


Message History

a +0 hand axe; a +0 ring mail You now have 731 gold pieces (gained 27).
Your orange demon disappears in a puff of smoke!
Maurice is too close now for your liking.
You see here 20 gold pieces.
Maurice is nearby!
Maurice is nearby!
Maurice is nearby!
Maurice shouts!
Maurice says, "Killing adventurers and taking their stuff.
It's what I do."
Maurice zaps a wand.
The burst of metal fragments hits you but does no damage.
The burst of metal fragments misses you.
You block the burst of metal fragments. x3
An ogre comes into view. It is wielding a +0 giant spiked club.
Found 23 gold pieces.
The ogre shouts!
You hit Maurice.
Maurice is severely wounded.
You slash Maurice!
Maurice is almost dead.
Maurice mumbles some strange words.
Maurice looks slightly unstable.
You closely miss Maurice.
Maurice is almost dead.
Maurice hits you with a +0 dagger.
Maurice steals your bubbling purple potion!
You closely miss Maurice.
Maurice is almost dead.
Maurice barely misses you.
You are feeling hungry.
You slice Maurice!!
You kill Maurice!
Makhleb accepts your kill. You block the ogre's attack.
Items here: ! $ ) / [ a +0 dagger; a +0 cloak; a wand of scattershot (2); a bubbling purple potion 40 gold pieces You hit the ogre.
The ogre is moderately wounded.
You hit the ogre.
The ogre is moderately wounded.
The ogre hits you with a +0 giant spiked club.
You hit the ogre.
The ogre is heavily wounded.
The ogre hits you but does no damage.
You slice the ogre!!
You kill the ogre!
Makhleb accepts your kill.
Things that are here:
a +0 giant spiked club; an ogre corpse
Things that are here:
a +0 giant spiked club; an ogre corpse You butcher the ogre corpse.
k - 6 chunks of flesh
Things that are here:
a +0 giant spiked club; an ogre skeleton Eating one of 6 chunks of flesh.
You eat one of the 6 chunks of flesh.
This raw flesh tastes terrible.
D - a wand of scattershot (2);
E - a bubbling purple potion You now have 771 gold pieces (gained 40).
Things that are here:
a +0 dagger; a +0 cloak You now have 791 gold pieces (gained 20).
You now have 814 gold pieces (gained 23).
An ogre comes into view. It is wielding a +0 giant spiked club.
An ogre is nearby!
An ogre is nearby!
The ogre shouts!
You hit the ogre.
The ogre is lightly wounded.
You block the ogre's attack.
You slash the ogre!
The ogre is severely wounded.
You hit the ogre.
You kill the ogre!
Makhleb accepts your kill.
You see here a +0 giant spiked club.
You now have 830 gold pieces (gained 16).
An orc warrior comes into view. It is wielding a +0 battleaxe.
An orc warrior is nearby!
An orc warrior is nearby!
The orc warrior shouts!
You hear a shout! x2
An orc knight comes into view.
It is wielding a +0 war axe and wearing a +0 chain mail of cold resistance.
Evoke which item? (* to show all) (? for menu, Esc to quit)
You reach into the bag... ...but nothing happens.
The orc knight shouts!
An orc comes into view. It is wielding a +0 hand axe.
Evoke which item? (* to show all) (? for menu, Esc to quit)
You reach into the bag... ...but nothing happens.
The orc knight roars a battlecry!
The orcs go into a battle-frenzy!
The orc warrior hits you but does no damage.
You hear a shout!
Evoke which item? (* to show all) (? for menu, Esc to quit)
You reach into the bag... ...but nothing happens.
Evoke which item? (* to show all) (? for menu, Esc to quit)
You reach into the bag... ...and things crawl out!
The orc warrior hits you with a +0 battleaxe.
You die...

*, , , #..# #..#.. , *,
###'###..# ,#..... +* ,* ,
........# '###..... , *
,8.oo8....,......... , * #
.......# #...#. , , , .,,
....ohh#, ,#..o)# *, * **
#.**#.# #oo#,, ,#..o#. #. #o#
#).#, ∩#.o### * ,
######.###@###..######..# #
..............a..a........ho..#
.........................o.o..#
...............################
............#.#.##
.....#.##..#.....#
.........#....#.##
..#...........###
...............#


You could see an orc knight, an orc warrior, an orc and 2 friendly soldier ants.

Vanquished Creatures
  A hydra (D:8)
  Harold (D:7)
  4 orc knights (Orc:2)
  An orc sorcerer (Orc:2)
  Maurice (Orc:2)
  4 trolls (D:9 Orc:1)
  Grinder (D:6)
  A hippogriff (D:9)
  2 dream sheep (D:8)
  A wyvern (D:8)
  2 yaks (D:8)
  2 fire elementals (Orc:2)
  7 wargs (Orc:2)
  4 hell hounds (Orc:2)
  15 orc warriors (D:9 Orc:1 Orc:2)
  A sky beast (D:6)
  An ice beast (D:9)
  A black bear (D:9)
  3 phantoms (D:6 D:8)
  7 ogres (D:8 Orc:1 Orc:2)
  4 centaurs (D:5 D:6 D:8 D:9)
  Blork the orc (D:5)
  4 bullfrogs (D:6 D:7 D:9)
  5 big kobolds (D:7 D:8 D:9)
  5 scorpions (D:6 D:8 D:9)
  5 killer bees (D:9)
  4 howler monkeys (D:8 D:9)
  3 wights (D:7)
  6 crimson imps (D:7 D:8)
  A quasit (D:9)
  2 jellies (D:3 D:9)
  A gnoll shaman (Orc:1)
  7 hounds (D:4 D:5 D:7 D:8)
  9 orc priests (D:3 D:6 Orc:1 Orc:2)
  9 orc wizards (D:3 D:4 D:6 D:9 Orc:1)
  6 worker ants (D:4 D:6 D:8)
  A killer bee zombie (D:6)
  A hound zombie (D:3)
  A hound skeleton (D:9)
  2 worker ant zombies (D:6 D:9)
  6 gnolls (D:6 Orc:1)
  10 adders (D:2 D:3 D:4 D:6 D:8)
  A shadow imp (D:5)
  2 oozes (D:1)
  A worm (D:2)
  2 dart slugs (D:1 D:2)
  5 leopard geckos (D:1 D:2 D:5 D:7 D:8)
  36 orcs (D:3 D:4 D:6 D:7 D:8)
  4 bats (D:1 D:2 D:3)
  6 giant cockroaches (D:1 D:2 D:3 D:6)
  5 goblins (D:1 D:2 D:3)
  8 hobgoblins (D:1 D:2 D:3 D:6)
  10 jackals (D:1 D:3)
  21 kobolds (D:1 D:2 D:3 D:6 D:7)
  2 quokkas (D:2 D:4)
  5 frilled lizards (D:1 D:2 D:3 D:4)
  2 jackal skeletons (D:5 D:8)
  A leopard gecko skeleton (D:6)
  A leopard gecko zombie (D:5)
  8 rats (D:1 D:2 D:3)
273 creatures vanquished.

Vanquished Creatures (collateral kills)
  Azrael (Orc:2)
  A fire elemental (Orc:2)
  An orc warrior (Orc:2)
  2 orcs (Orc:2)
5 creatures vanquished.

Grand Total: 278 creatures vanquished

Notes
Turn   | Place    | Note
-------+----------+-------------------------------------------
     0 | D:1      | Monsterracer the Deep Dwarf Fighter began the quest for the
                  | Orb.
     0 | D:1      | Reached XP level 1. HP: 20/20 MP: 1/1
    88 | D:1      | Reached XP level 2. HP: 27/27 MP: 2/2
   332 | D:1      | Reached skill level 3 in Axes
   335 | D:1      | Reached XP level 3. HP: 28/33 MP: 3/3
   842 | D:2      | Reached XP level 4. HP: 36/42 MP: 4/4
  1146 | D:2      | Found an ornate altar of the Wu Jian Council.
  1404 | D:2      | Found a basalt altar of Yredelemnul.
  1541 | D:3      | HP: 15/42 [orc priest/divine providence (12)]
  1546 | D:3      | Reached skill level 4 in Axes
  1546 | D:3      | Reached XP level 5. HP: 29/49 MP: 4/4
  1569 | D:3      | Found a sparkling altar of Nemelex Xobeh.
  1593 | D:3      | HP: 13/49 [orc priest/divine providence (16)]
  1689 | D:3      | Reached XP level 6. HP: 42/56 MP: 5/5
  2180 | D:4      | Reached skill level 5 in Axes
  2745 | D:5      | Entered Level 5 of the Dungeon
  2860 | D:5      | Found a glowing silver altar of Zin.
  2898 | D:5      | Noticed Blork the orc
  2906 | D:5      | Reached XP level 7. HP: 56/64 MP: 6/6
  2912 | D:5      | Killed Blork the orc
  2912 | D:5      | Reached skill level 5 in Armour
  2947 | D:5      | Reached skill level 5 in Shields
  3013 | D:5      | Found a staircase to the Ecumenical Temple.
  3084 | Temple   | Entered the Ecumenical Temple
  3310 | D:5      | Reached skill level 6 in Axes
  3567 | D:6      | Found a hazy altar of Hepliaklqana.
  3731 | D:6      | HP: 30/66 [something (6)]
  3737 | D:6      | HP: 17/66 [something (5)]
  3739 | D:6      | Reached XP level 8. HP: 33/73 MP: 7/7
  3754 | D:6      | Reached skill level 7 in Axes
  3765 | D:6      | Noticed Grinder
  3780 | D:6      | Paralysed by Grinder for 4 turns
  3781 | D:6      | HP: 34/73 [Grinder (6)]
  3791 | D:6      | Killed Grinder
  3806 | D:6      | Reached skill level 5 in Fighting
  3831 | D:6      | Found an iron altar of Okawaru.
  4557 | D:7      | Reached skill level 8 in Axes
  4864 | D:7      | Found a burning altar of Makhleb.
  4972 | D:7      | Became a worshipper of Makhleb the Destroyer
  5007 | D:7      | Noticed Harold
  5029 | D:7      | Killed Harold
  5029 | D:7      | Reached skill level 9 in Axes
  5029 | D:7      | Gained mutation: You passively map the area around you.
                  | [Deep Dwarf growth]
  5029 | D:7      | Reached XP level 9. HP: 55/82 MP: 5/7
  5552 | D:8      | HP: 40/82 [wyvern (6)]
  5635 | D:8      | HP: 38/82 [ogre/+0 giant club (13)]
  5645 | D:8      | Reached skill level 1 in Evocations
  5649 | D:8      | Noticed a two-headed hydra
  5664 | D:8      | Reached * piety under Makhleb
  5675 | D:8      | HP: 36/82 [shot self (7)]
  5676 | D:8      | Killed a six-headed hydra
  5676 | D:8      | Reached skill level 10 in Axes
  5676 | D:8      | Reached XP level 10. HP: 35/92 MP: 10/10
  5700 | D:8      | Reached skill level 5 in Invocations
  6201 | D:9      | HP: 43/92 [orc warrior/+0 dire flail (23)]
  6334 | D:9      | Reached ** piety under Makhleb
  6410 | D:9      | Found a staircase to the Orcish Mines.
  6455 | D:9      | Noticed an orc knight
  6473 | D:9      | HP: 41/92 [meliai/divine providence (14)]
  6499 | Orc:1    | Entered Level 1 of the Orcish Mines
  6551 | Orc:1    | Reached skill level 11 in Axes
  6574 | Orc:1    | Reached XP level 11. HP: 80/100 MP: 11/11
  6772 | Orc:2    | Entered Level 2 of the Orcish Mines
  6789 | Orc:2    | Reached skill level 5 in Evocations
  6832 | Orc:2    | Noticed an orc knight
  6840 | Orc:2    | HP: 48/100 [orc warrior/+0 trident[an orc knight] (20)]
  6845 | Orc:2    | HP: 23/100 [orc warrior/+0 trident[an orc knight] (26)]
  6850 | Orc:2    | HP: 25/100 [orc warrior/+0 trident[an orc knight] (6)]
  6855 | Orc:2    | HP: 10/100 [orc warrior/+0 trident[an orc knight] (25)]
  6865 | Orc:2    | Killed an orc knight
  6919 | Orc:2    | Noticed an orc knight
  6925 | Orc:2    | Reached *** piety under Makhleb
  6931 | Orc:2    | Noticed an orc knight
  6936 | Orc:2    | HP: 46/100 [orc warrior/+0 scimitar (24)]
  6954 | Orc:2    | Killed an orc knight
  6977 | Orc:2    | HP: 48/100 [orc warrior/+0 battleaxe (24)]
  6978 | Orc:2    | HP: 17/100 [orc knight/+2 bardiche of venom (28)]
  6983 | Orc:2    | HP: 20/100 [orc warrior/boomerang (11)]
  6988 | Orc:2    | HP: 33/100 [orc warrior/boomerang (5)]
  7058 | Orc:1    | HP: 44/100 [orc warrior/+0 mace (8)]
  7107 | Orc:2    | Killed an orc knight
  7109 | Orc:2    | Noticed an orc sorcerer
  7121 | Orc:2    | Killed an orc sorcerer
  7146 | Orc:2    | Noticed Maurice
  7243 | Orc:2    | Found a staircase to the Elven Halls.
  7257 | Orc:2    | Noticed an orc knight
  7265 | Orc:2    | HP: 44/100 [orc warrior/+0 glaive[an orc knight] (21)]
  7276 | Orc:2    | HP: 35/100 [orc warrior/+0 glaive[an orc knight] (13)]
  7284 | Orc:2    | Killed an orc knight
  7286 | Orc:2    | HP: 37/100 [orc warrior/+2 trident of venom[an orc knight]
                  | (11)]
  7291 | Orc:2    | HP: 39/100 [poisoned by an orc warrior]
  7296 | Orc:2    | HP: 49/100 [fire elemental[Azrael] (8)]
  7301 | Orc:2    | HP: 19/100 [fire elemental[Azrael] (11)]
  7304 | Orc:2    | Reached skill level 12 in Axes
  7305 | Orc:2    | Noticed Azrael
  7306 | Orc:2    | HP: 45/102 [fire elemental[Azrael] (14)]
  7308 | Orc:2    | HP: 20/102 [fire elemental[Azrael] (4)]
  7309 | Orc:2    | HP: 7/102 [fire elemental[Azrael] (13)]
  7314 | Orc:2    | HP: 50/102 [fire elemental[Azrael] (6)]
  7326 | Orc:2    | HP: 43/102 [Azrael/damnation (30)]
  7327 | Orc:2    | HP: 6/102 [Azrael/bolt of fire (37)]
  7328 | Orc:2    | Killed Azrael
  7388 | Orc:2    | Killed Maurice
  7449 | Orc:2    | Noticed an orc knight
  7453 | Orc:2    | Slain by an orc warrior

Levels and vault maps discovered:
D:1:      dpeg_arrival_rooms_c, layout_loops_ring, minmay_distorted
D:2:      layout_loops_ring, lemuel_coloured_pillars_altar, old_standard_altar,
          kennysheep_doodads
D:3:      layout_basic, nemelex_xobeh_ov_fountains_minmay
D:4:      layout_basic, first_ration
D:5:      layout_basic, zin_statuary, minmay_temple_entry_statues_fountains,
          hangedman_decor_peaks_small, uniq_blork_the_orc
D:6:      layout_cave_pods, basic_altar, okawaru_altar_gauntlet_db, uniq_grinder
D:7:      layout_basic, overflow_temple_1_default, uniq_harold
D:8:      layout_basic, hangedman_ranch [blue_anna_fruit_fields], hex_medium,
          kennysheep_generic_room_14
D:9:      minmay_the_grid_square_5x5_3x3 [minmay_the_grid_square_5x5_minivault,
          minmay_the_grid_square_5x5_meh, minmay_the_grid_square_5x5_six_small,
          minmay_the_grid_square_5x5_intrusive_squares,
          minmay_the_grid_square_5x5_megaprize_open,
          minmay_the_grid_square_5x5_misaligned,
          minmay_the_grid_square_5x5_tetrominoes,
          minmay_the_grid_square_5x5_doubleslash,
          minmay_the_grid_square_5x5_dogpile], layout_basic, orc_0_dummy
Temple:   minmay_crystal_spiral_temple
Orc:1:    layout_caves
Orc:2:    st_orc_town, layout_diamond_mine, serial_shops, nicolae_shop_trees,
          uniq_azrael, uniq_maurice

Skill      XL: |  1  2  3  4  5  6  7  8  9 10 11 |
---------------+----------------------------------+-----
Axes           | 3 4 5 6 9 10 11 12 | 12.3
Fighting       | 3 4 5 6 7 |  7.9
Armour         | 4 5 7 8 9 |  9.4
Shields        | 4 5 6 7 8 9 |  9.4
Invocations    | 2 4 6 7 |  7.9
Evocations     | 2 4 5 |  5.0

Action                   |  1- 3 |  4- 6 |  7- 9 | 10-12 || total
-------------------------+-------+-------+-------+-------++-------
Melee: War axe           |   116 |    82 |   302 |   358 ||   858
       Hand axe          |       |    69 |       |       ||    69
Invok: Lesser Servant of |       |       |       |     3 ||     3
 Abil: Heal Wounds       |     1 |     5 |     9 |    37 ||    52
Evoke: Wand              |       |       |     2 |     3 ||     5
       Sack of spiders   |       |       |       |     4 ||     4
  Use: Scroll            |       |    12 |     5 |     3 ||    20
       Potion            |       |       |       |     2 ||     2
 Stab: Paralysed         |       |       |       |     3 ||     3
  Eat: Chunk             |       |     6 |    10 |     7 ||    23
Armor: Scale mail        |    61 |    54 |    65 |       ||   180
       Chain mail        |       |       |    87 |   211 ||   298
Dodge: Dodged            |    44 |    44 |    87 |   103 ||   278
Block: Shield            |    65 |    72 |   154 |   273 ||   564
